 Dungeon Crawl Stone Soup version 0.22-a0-362-g535178c (webtiles) character file.

466 dstrtnsr the Chiller (level 7, -6/50 HPs)
             Began as a Gnoll Ice Elementalist on Apr 22, 2018.
             Was a Follower of Cheibriados.
             Mangled by a spriggan baker
             ... wielding a +0 dagger
              (14 damage)
             ... on level 7 of the Dungeon.
             The game lasted 00:09:45 (1382 turns).

dstrtnsr the Chiller (Gnoll Ice Elementalist)       Turns: 1382, Time: 00:09:46

Health: -6/50      AC:  6    Str: 14    XL:     7   Next: 8%
Magic:  4/15       EV: 15    Int: 20    God:    Cheibriados [*.....]
Gold:   48         SH:  0    Dex: 17    Spells: 9/17 levels left

rFire    . . .     SeeInvis .   h - +0 dagger (protect)
rCold    . . .     Gourm    .   (no shield)
rNeg     . . .     Faith    .   a - +0 robe
rPois    .         Spirit   .   j - +0 helmet
rElec    .         Reflect  .   (no cloak)
rCorr    .         Harm     .   (no gloves)
MR       .....                  l - +0 pair of boots
Stlth    +++.......             (no amulet)
HPRegen  0.16/turn              i - -2 ring of intelligence (curse)
MPRegen  0.14/turn              (no ring)

@: very slow
A: distributed training, fangs 1, yellow scales 1, strong 1, strong nose
a: Bend Time, Renounce Religion


You were on level 7 of the Dungeon.
You worshipped Cheibriados.
Cheibriados was aware of your devotion.
You were not hungry.

You visited 1 branch of the dungeon, and saw 7 of its levels.

You collected 48 gold pieces.

Inventory:

Hand Weapons
 f - a +0 whip
 h - a +0 dagger of protection (weapon)
 m - a +0 trident
 p - a +1 dagger of electrocution {!w}
Missiles
 b - 23 arrows
Armour
 a - a +0 robe (worn)
 j - a +0 helmet (worn)
 l - a +0 pair of boots (worn)
Jewellery
 i - a cursed -2 ring of intelligence (left hand)
Wands
 F - a wand of flame (35)
Scrolls
 d - a scroll of remove curse {unknown}
 e - a scroll of blinking
 g - 3 scrolls of teleportation {!d}
 o - a scroll of fear {unknown}
Potions
 k - a potion of flight {unknown}
 n - 2 potions of heal wounds {unknown}
Comestibles
 c - 9 rations {!d}


   Skills:
 + Level 2.2 Fighting
 + Level 2.2 Short Blades
 + Level 2.2 Long Blades
 + Level 2.2 Axes
 + Level 2.2 Maces & Flails
 + Level 2.2 Polearms
 + Level 2.2 Staves
 + Level 2.2 Slings
 + Level 2.2 Bows
 + Level 2.2 Crossbows
 + Level 2.2 Throwing
 + Level 2.2 Armour
 + Level 5.1 Dodging
 + Level 4.7 Stealth
 + Level 2.2 Shields
 + Level 2.2 Unarmed Combat
 + Level 5.5 Spellcasting
 + Level 2.8 Conjurations
 + Level 1.8 Hexes
 + Level 1.8 Charms
 + Level 1.8 Summonings
 + Level 1.8 Necromancy
 + Level 1.8 Translocations
 + Level 1.8 Transmutations
 + Level 1.8 Fire Magic
 + Level 5.7 Ice Magic
 + Level 1.8 Air Magic
 + Level 1.8 Earth Magic
 + Level 1.8 Poison Magic
 + Level 2.4 Invocations
 + Level 2.2 Evocations


You had 9 spell levels left.
You knew the following spells:

 Your Spells              Type           Power        Failure   Level  Hunger
a - Freeze                Ice            ####         1%          1    None
i - Summon Ice Beast      Ice/Summ       ###.....     24%         4    ####...
o - Ozocubu's Armour      Chrm/Ice       ###.....     7%          3    ##.....


Dungeon Overview and Level Annotations

Branches:
Dungeon (7/15)
 Temple: D:4-7

Altars:
Cheibriados

Annotations:
D:2 Robin, Terence
D:6 Pikel


Innate Abilities, Weirdness & Mutations

Your experience applies equally to all skills.
You have very sharp teeth.
Your uncanny sense of smell can sniff out nearby items.
You are partially covered in yellow scales. (AC +2)
Your muscles are strong. (Str +2)


Message History

c - 7 rations {!d} (gained 2)
You see here 2 rations {!d}.
c - 9 rations {!d} (gained 2)
There is an open door here.
An adder comes into view.
The adder hisses angrily.
The adder bites you.
* * * LOW HITPOINT WARNING * * *
You are poisoned.
The adder poisons you! The adder barely misses you.
Damage: -2%(-1hp) hp: 46%(23hp)
Casting: Freeze (safe; 1% risk of failure)
Confirm with . or Enter, or press ? or * to list all spells.
Aiming: Freeze (safe; 1% risk of failure)
Press: ? - help, Shift-Dir - straight line, f - adder
Aim: an adder You freeze the adder.
The adder seems to slow down.
The adder is moderately wounded.
You feel sick. The adder misses you.
Damage: -2%(-1hp) hp: 44%(22hp)
Casting: Freeze (safe; 1% risk of failure)
Confirm with . or Enter, or press ? or * to list all spells.
Aiming: Freeze (safe; 1% risk of failure)
Press: ? - help, Shift-Dir - straight line, f/p - adder
Aim: an adder (moderately wounded, slow)
You freeze the adder.
You kill the adder!
Cheibriados appreciates the change of pace.
You feel sick.
Damage: -2%(-1hp) hp: 42%(21hp)
You feel sick.
Damage: -2%(-1hp) hp: 42%(21hp)
You feel sick.
Damage: -2%(-1hp) hp: 42%(21hp)
You feel sick.
You feel sick.
A spriggan baker comes into view. It is wielding a dagger.
The spriggan baker shouts!
Evoke which item? (* to show all) (? for menu, Esc to quit)
Okay, then.
Okay, then.
Okay, then.
Unknown command.
Evoke which item? (* to show all) (? for menu, Esc to quit)
Okay, then.
Press: ? - help, v - describe, . - travel
Here: a spriggan baker, wielding a dagger and wearing an embroidered robe The floor.
As you read the scroll labeled LIUQEUCLASUR, it crumbles to dust.
It is a scroll of amnesia.
Okay, then.
You feel sick.
You are no longer poisoned.
Unknown command.
Casting: Freeze (safe; 1% risk of failure)
Confirm with . or Enter, or press ? or * to list all spells.
A chill wind blows around you.
Unknown command.
Casting: Summon Ice Beast (slightly dangerous; 24% risk of failure)
Confirm with . or Enter, or press ? or * to list all spells.
A chill wind blows around you.
The spriggan baker hits you with a dagger.
* * * LOW HITPOINT WARNING * * *
Your ice beast closely misses the spriggan baker.
Damage: -4%(-2hp) hp: 38%(19hp)
The spriggan baker hits your ice beast with a dagger.
Your ice beast closely misses the spriggan baker. x2
Unknown command.
The spriggan baker completely misses your ice beast.
Your ice beast closely misses the spriggan baker.
Your ice beast misses the spriggan baker.
Unknown command.
Casting: Summon Ice Beast (slightly dangerous; 24% risk of failure)
Confirm with . or Enter, or press ? or * to list all spells.
A chill wind blows around you.
The spriggan baker hits your ice beast with a dagger.
Your ice beast hits the spriggan baker but does no damage.
Your ice beast misses the spriggan baker.
Unknown command.
What are your orders? t - Bark!
Orders for allies: a - Attack new target. r - Retreat! s - Stop attacking. g - Guard the area. f - Follow me.
Anything else - Cancel.
Gang up on whom?
Press: ? - help, Dir - move target cursor, f - spriggan baker
Aim: a spriggan baker, wielding a dagger and wearing an embroidered robe Attack!
The spriggan baker hits your ice beast with a dagger.
Your ice beast misses the spriggan baker.
Your ice beast barely misses the spriggan baker.
Your ice beast misses the spriggan baker.
Unknown command.
The spriggan baker hits you with a dagger!
* * * LOW HITPOINT WARNING * * *
Your ice beast misses the spriggan baker.
Your ice beast barely misses the spriggan baker.
The spriggan baker hits you with a dagger!
You die...

#################################
.................................
#######..####..i@####.########...
.......†......YY#####............
......(.)####..Y#...'.######.#.#.
#####.#..# #...#.#.#......#.#...
......#..# #...#####.####.#.#.#.
#.###.#..####...# #.# #.#.#.
....#....<......#####.# .#.#.#.
#.###.#.............#.####.#.#.#.
#.###......................#.#.#.


You could see a spriggan baker and 3 friendly ice beasts.

Vanquished Creatures
  An ice beast (D:6)
  A centaur (D:7)
  2 killer bees (D:7)
  A crimson imp (D:5)
  A quasit (D:7)
  2 orc wizards
  A worker ant (D:7)
  A howler monkey zombie (D:7)
  5 adders
  An adder skeleton (D:2)
  A worm (D:4)
  2 leopard geckos
  5 orcs
  A hobgoblin (D:3)
  4 jackals (D:7)
  2 quokkas
  A ball python (D:1)
  A frilled lizard (D:1)
  5 goblins
  A jackal skeleton (D:4)
  A kobold (D:1)
  4 rats
44 creatures vanquished.

Vanquished Creatures (collateral kills)
  A bullfrog skeleton (D:6)
1 creature vanquished.

Grand Total: 45 creatures vanquished

Notes
Turn   | Place    | Note
-------+----------+-------------------------------------------
     0 | D:1      | dstrtnsr the Gnoll Ice Elementalist began the quest for the Orb.
     0 | D:1      | Reached XP level 1. HP: 13/13 MP: 6/6
    86 | D:1      | Reached XP level 2. HP: 18/19 MP: 2/7
   237 | D:2      | Noticed a hand axe
   239 | D:2      | Noticed a hand axe
   243 | D:2      | Noticed Robin
   324 | D:2      | Noticed Terence
   397 | D:3      | Found a snail-covered altar of Cheibriados.
   406 | D:3      | Reached XP level 3. HP: 21/25 MP: 3/9
   414 | D:3      | Reached skill level 5 in Spellcasting
   429 | D:3      | Became a worshipper of Cheibriados the Contemplative
   505 | D:4      | Reached skill level 1 in Invocations
   528 | D:4      | Learned a level 3 spell: Ozocubu's Armour
   569 | D:4      | Reached skill level 1 in Fighting
   569 | D:4      | Reached skill level 1 in Short Blades
   569 | D:4      | Reached skill level 1 in Long Blades
   569 | D:4      | Reached skill level 1 in Axes
   569 | D:4      | Reached skill level 1 in Maces & Flails
   569 | D:4      | Reached skill level 1 in Polearms
   569 | D:4      | Reached skill level 1 in Staves
   569 | D:4      | Reached skill level 1 in Slings
   569 | D:4      | Reached skill level 1 in Bows
   569 | D:4      | Reached skill level 1 in Crossbows
   569 | D:4      | Reached skill level 1 in Throwing
   569 | D:4      | Reached skill level 1 in Armour
   569 | D:4      | Reached skill level 1 in Shields
   569 | D:4      | Reached skill level 1 in Unarmed Combat
   569 | D:4      | Reached skill level 1 in Evocations
   569 | D:4      | Reached XP level 4. HP: 19/32 MP: 3/11
   635 | D:4      | Learned a level 4 spell: Summon Ice Beast
   667 | D:5      | Entered Level 5 of the Dungeon
   676 | D:5      | Reached skill level 1 in Hexes
   676 | D:5      | Reached skill level 1 in Charms
   676 | D:5      | Reached skill level 1 in Summonings
   676 | D:5      | Reached skill level 1 in Necromancy
   676 | D:5      | Reached skill level 1 in Translocations
   676 | D:5      | Reached skill level 1 in Transmutations
   676 | D:5      | Reached skill level 1 in Fire Magic
   676 | D:5      | Reached skill level 1 in Air Magic
   676 | D:5      | Reached skill level 1 in Earth Magic
   676 | D:5      | Reached skill level 1 in Poison Magic
   702 | D:6      | Noticed an ice beast
   710 | D:6      | Reached XP level 5. HP: 35/37 MP: 3/12
   728 | D:6      | Killed an ice beast
   744 | D:6      | Noticed an orc warrior
   870 | D:7      | Gained mutation: You are partially covered in yellow scales. (AC +2) [potion of mutation]
   870 | D:7      | Gained mutation: Your spells are a little harder to cast, but a little more powerful. [potion of mutation]
   870 | D:7      | Lost mutation: Your spells are a little harder to cast, but a little more powerful. [potion of mutation]
   870 | D:7      | Gained mutation: Your muscles are strong. (Str +2) [potion of mutation]
   871 | D:7      | Noticed an orc warrior
   905 | D:7      | Reached XP level 6. HP: 24/44 MP: 13/13
   961 | D:7      | HP: 13/44 [killer bee (5)]
   963 | D:7      | Reached * piety under Cheibriados
   963 | D:7      | Reached skill level 5 in Dodging
  1118 | D:6      | Noticed Pikel
  1118 | D:6      | Noticed a slave
  1118 | D:6      | Noticed a slave
  1118 | D:6      | Noticed a slave
  1118 | D:6      | Noticed a slave
  1155 | D:7      | Noticed a wyvern
  1246 | D:7      | Reached XP level 7. HP: 28/50 MP: 9/15
  1253 | D:7      | HP: 20/50 [poisoned by a worker ant]
  1258 | D:7      | HP: 16/50 [poisoned by a worker ant]
  1264 | D:7      | HP: 14/50 [poisoned by a worker ant]
  1270 | D:7      | HP: 12/50 [poisoned by a worker ant]
  1277 | D:7      | HP: 11/50 [poisoned by a worker ant]
  1285 | D:7      | HP: 11/50 [poisoned by a worker ant]
  1290 | D:7      | HP: 11/50 [poisoned by a worker ant]
  1373 | D:7      | Noticed a spriggan baker
  1376 | D:7      | HP: 19/50 [spriggan baker/dagger (2)]
  1382 | D:7      | HP: 8/50 [spriggan baker/dagger (12)]
  1382 | D:7      | Mangled by a spriggan baker

Vault maps used:
D:1:      ncdulo_lavacross, minmay_tetromino_o2
D:2:      dancing_weapons_uskayaw, uniq_terence, uniq_robin
D:3:      cheibriados_altar_1, first_ration
D:4:      uniq_blork_the_orc
D:5:      grunt_temple_overflow_open, uniq_menkaure
D:6:      minmay_temple_entry_butterflies, uniq_crazy_yiuf_cottage,
          uniq_duvessa, uniq_pikel
D:7:      kennysheep_big_flooded_room, marbit_many_paths,
          serial_co_window_serial, co_window_paths_a, co_window_cross_1,
          co_window_corner_a, co_window_paths_a, co_window_paths_b,
          co_window_2corner, co_window_broadway_b, co_window_of_opportunity_b,
          co_window_broadway_a, co_window_unsneaky_path_d,
          co_window_of_opportunity_b, glass_columns_a, the_bakery,
          grunt_decor_cap

Skill      XL: |  1  2  3  4  5  6 |
---------------+-------------------+-----
Conjurations   | 2 |  2.8
Spellcasting   | 5 |  5.5
Invocations    | 1 2 |  2.4
Fighting       | 1 2 |  2.2
Short Blades   | 1 2 |  2.2
Long Blades    | 1 2 |  2.2
Axes           | 1 2 |  2.2
Maces & Flails | 1 2 |  2.2
Polearms       | 1 2 |  2.2
Staves         | 1 2 |  2.2
Slings         | 1 2 |  2.2
Bows           | 1 2 |  2.2
Crossbows      | 1 2 |  2.2
Throwing       | 1 2 |  2.2
Armour         | 1 2 |  2.2
Shields        | 1 2 |  2.2
Unarmed Combat | 1 2 |  2.2
Evocations     | 1 2 |  2.2
Hexes          | 1 |  1.8
Charms         | 1 |  1.8
Summonings     | 1 |  1.8
Necromancy     | 1 |  1.8
Translocations | 1 |  1.8
Transmutations | 1 |  1.8
Fire Magic     | 1 |  1.8
Air Magic      | 1 |  1.8
Earth Magic    | 1 |  1.8
Poison Magic   | 1 |  1.8
Dodging        | 5 |  5.1
Stealth        | |  4.7
Ice Magic      | |  5.7

Action                   |  1- 3 |  4- 6 |  7- 9 || total
-------------------------+-------+-------+-------++-------
Melee: Unarmed           |     1 |       |       ||     1
       Dagger            |    34 |    63 |       ||    97
       Bite              |     2 |     7 |       ||     9
       Punch             |       |     1 |       ||     1
 Cast: Freeze            |    28 |    26 |     6 ||    60
       Summon Ice Beast  |       |     3 |     3 ||     6
Invok: Bend Time         |       |     1 |       ||     1
  Use: Scroll            |     1 |     2 |     1 ||     4
       Potion            |       |     3 |       ||     3
 Stab: Sleeping          |     1 |     2 |       ||     3
       Invisible         |       |     1 |       ||     1
  Eat: Chunk             |       |     2 |       ||     2
Armor: Robe              |     8 |    17 |       ||    25
Dodge: Dodged            |    36 |    66 |     4 ||   106

Table legend:
 A = Spawn XP
 B = Non-spawn XP
 C = Spawn XP percentage of total XP
 D = Spawn monster count
 E = Non-spawn monster count
 F = Spawn count percentage of total count
 G = Total turns spent on level
                    A         B        C        D         E        F      G
               +---------+---------+-------+---------+---------+-------+---------
         Total |       0 |     666 |   0.0 |       0 |      45 |   0.0 |  1382
               +---------+---------+-------+---------+---------+-------+---------
           D:1 |       0 |      11 |   0.0 |       0 |       8 |   0.0 |   132
           D:2 |       0 |      13 |   0.0 |       0 |       6 |   0.0 |   261
           D:3 |       0 |      32 |   0.0 |       0 |       5 |   0.0 |    85
           D:4 |       0 |      53 |   0.0 |       0 |       7 |   0.0 |   189
           D:5 |       0 |      52 |   0.0 |       0 |       2 |   0.0 |    31
           D:6 |       0 |     122 |   0.0 |       0 |       3 |   0.0 |    88
           D:7 |       0 |     383 |   0.0 |       0 |      14 |   0.0 |   596
               +---------+---------+-------+---------+---------+-------+---------
